General information
- name: BNet
- type: Ladder team game (AT/RT)
- host: Battle.net
- saver: SHONT.GO
map: Battleground
- players: 8
- length: 44:39
- speed: Fast
- version: 1.26 W3XP
- replay type: Public
» download(235 KB)
Players
team 1 (loser)

»
Fantasy (
yellow | 76 APM | 2473 actions | 32:38)
5 Blademaster
2 Wind Walk
3 Critical Strike
3 Tauren Chieftain
2 Endurance Aura
1 War Stomp
2 Shadow Hunter
1 Hex
1 Healing Wave
» actions
| Assign group hotkey | 41 | |
| Basic commands | 242 | |
| Build / train | 60 | |
| Enter build submenu | 29 | |
| Enter hero's abilities submenu | 10 | |
| Give item / drop item | 5 | |
| Remove unit from queue | 3 | |
| Right click | 1064 | |
| Select / deselect | 544 | |
| Select group hotkey | 392 | |
| Use ability | 81 | |
2473 total
» units
| Peon | 9 | |
| Grunt | 5 | |
| Shaman | 4 | |
| Wind Rider | 4 | |
| Troll Witch Doctor | 2 | |
| Kodo Beast | 1 | |
25 total
» upgrades
| Pillage | 0 | |
| Shaman Training | 2 | |
| Witch Doctor Training | 2 | |
| Reinforced Defenses | 1 | |
| Ranged Weapons | 2 | |
| Envenomed Spears | 1 | |
| War Drums Damage Increase | 1 | |
9 total
» buildings
| Altar of Storms | 2 | |
| Orc Burrow | 13 | |
| Barracks | 1 | |
| Voodoo Lounge | 2 | |
| Stronghold | 1 | |
| War Mill | 1 | |
| Spirit Lodge | 2 | |
| Fortress | 1 | |
| Beastiary | 2 | |
25 total
» build order
00:06 Altar of Storms
00:22 Orc Burrow
00:48 Barracks
01:35 Orc Burrow
02:12 Voodoo Lounge
03:38 Stronghold
03:59 Orc Burrow
05:32 Orc Burrow
05:39 War Mill
06:45 Spirit Lodge
06:59 Fortress
07:25 Spirit Lodge
08:19 Beastiary
08:59 Beastiary
09:07 Voodoo Lounge
09:16 Orc Burrow
12:40 Orc Burrow
12:49 Orc Burrow
13:43 Orc Burrow
14:13 Orc Burrow
14:46 Orc Burrow
14:56 Orc Burrow
20:53 Orc Burrow
22:37 Altar of Storms
23:11 Orc Burrow
» items
| Lesser Clarity Potion | 1 | |
| Healing Salve | 3 | |
| Circlet of Nobility | 1 | |
| Boots of Speed | 1 | |
| Orb of Lightning | 2 | |
8 total
NDPhe (
purple | 21 APM | 827 actions | 38:58)
3 Keeper of the Grove
1 Force of Nature
1 Thorns Aura
1 Entangling Roots
3 Priestess of the Moon
1 Trueshot Aura
2 Searing Arrows
» actions
| Assign group hotkey | 14 | |
| Basic commands | 15 | |
| Build / train | 68 | |
| Enter build submenu | 27 | |
| Enter hero's abilities submenu | 6 | |
| Remove unit from queue | 1 | |
| Right click | 226 | |
| Select / deselect | 252 | |
| Select group hotkey | 166 | |
| Use ability | 52 | |
827 total
» units
| Wisp | 17 | |
| Archer | 3 | |
| Huntress | 6 | |
| Dryad | 28 | |
| Mountain Giant | 1 | |
55 total
» upgrades
| Reinforced Hides | 1 | |
| Abolish Magic | 1 | |
2 total
» buildings
| Moon Well | 8 | |
| Altar of Elders | 1 | |
| Ancient of War | 1 | |
| Hunter's Hall | 1 | |
| Tree of Ages | 1 | |
| Ancient of Wonders | 1 | |
| Ancient of Lore | 2 | |
| Tree of Life | 2 | |
| Tree of Eternity | 1 | |
| Ancient Protector | 6 | |
24 total
» build order
00:09 Moon Well
00:14 Altar of Elders
00:27 Ancient of War
02:17 Moon Well
02:27 Hunter's Hall
03:30 Moon Well
03:52 Tree of Ages
04:45 Moon Well
06:05 Ancient of Wonders
06:20 Ancient of Lore
07:16 Ancient of Lore
08:55 Tree of Life
09:34 Moon Well
10:45 Moon Well
14:48 Moon Well
15:54 Tree of Life
17:12 Moon Well
17:16 Tree of Eternity
22:02 Ancient Protector
22:10 Ancient Protector
22:15 Ancient Protector
23:35 Ancient Protector
23:39 Ancient Protector
30:25 Ancient Protector
Young_Boy (
green | 1 APM | 50 actions | 44:38)
» actions
| Basic commands | 6 | |
| Build / train | 7 | |
| Right click | 10 | |
| Select / deselect | 25 | |
| Use ability | 2 | |
50 total
» units
UrMaster (
blue | 72 APM | 3232 actions | 44:38)
8 Warden
3 Fan of Knives
3 Blink
1 Spirit of Vengeance
1 Shadow Strike
» actions
| Assign group hotkey | 166 | |
| Basic commands | 139 | |
| Build / train | 114 | |
| ESC pressed | 2 | |
| Enter build submenu | 63 | |
| Enter hero's abilities submenu | 8 | |
| Give item / drop item | 9 | |
| Remove unit from queue | 1 | |
| Right click | 1275 | |
| Select / deselect | 365 | |
| Select group hotkey | 805 | |
| Use ability | 285 | |
3232 total
» units
| Wisp | 46 | |
| Archer | 10 | |
| Chimaera | 5 | |
| Hippogryph | 5 | |
66 total
» upgrades
| Strength of the Moon | 3 | |
| Strength of the Wild | 3 | |
| Well Spring | 1 | |
| Nature's Blessing | 1 | |
| Reinforced Hides | 3 | |
| Corrosive Breath | 1 | |
| Ultravision | 1 | |
| Moon Armor | 2 | |
| Hippogryph Taming | 1 | |
| Druid of the Talon Training | 1 | |
17 total
» buildings
| Moon Well | 15 | |
| Altar of Elders | 1 | |
| Ancient of War | 1 | |
| Ancient of Wonders | 1 | |
| Hunter's Hall | 1 | |
| Tree of Ages | 3 | |
| Ancient Protector | 29 | |
| Tree of Eternity | 1 | |
| Tree of Life | 5 | |
| Ancient of Wind | 2 | |
| Chimaera Roost | 2 | |
61 total
» build order
00:33 Moon Well
01:11 Altar of Elders
01:34 Moon Well
01:52 Ancient of War
02:01 Moon Well
02:37 Ancient of Wonders
02:46 Hunter's Hall
03:09 Moon Well
03:56 Tree of Ages
03:57 Tree of Ages
03:57 Tree of Ages
04:52 Moon Well
05:31 Ancient Protector
05:39 Ancient Protector
06:54 Tree of Eternity
07:20 Tree of Life
07:46 Ancient Protector
07:48 Ancient Protector
09:07 Ancient Protector
09:33 Ancient of Wind
09:38 Ancient of Wind
09:44 Ancient Protector
10:28 Ancient Protector
10:31 Ancient Protector
10:42 Ancient Protector
10:57 Ancient Protector
11:01 Ancient Protector
11:42 Ancient Protector
12:29 Ancient Protector
12:30 Ancient Protector
12:32 Ancient Protector
12:34 Ancient Protector
12:37 Ancient Protector
13:00 Chimaera Roost
13:05 Chimaera Roost
13:49 Ancient Protector
13:55 Ancient Protector
14:01 Ancient Protector
15:47 Moon Well
15:50 Moon Well
15:55 Moon Well
17:13 Moon Well
17:14 Moon Well
20:23 Moon Well
20:23 Moon Well
20:25 Moon Well
24:30 Tree of Life
24:32 Ancient Protector
24:35 Ancient Protector
24:37 Tree of Life
25:15 Tree of Life
25:19 Ancient Protector
25:21 Ancient Protector
26:07 Ancient Protector
26:09 Ancient Protector
30:28 Moon Well
30:29 Moon Well
33:25 Tree of Life
33:35 Ancient Protector
33:37 Ancient Protector
33:39 Ancient Protector
» items
| Boots of Speed | 1 | |
| Scroll of Town Portal | 2 | |
| Orb of Venom | 1 | |
4 total
team 2 (winner)
Knight_Lite (
red | 41 APM | 1844 actions | 44:38)
3 Warden
2 Shadow Strike
1 Blink
1 Naga Sea Witch
1 Frost Arrows
» actions
| Basic commands | 1 | |
| Build / train | 70 | |
| Enter build submenu | 33 | |
| Enter hero's abilities submenu | 5 | |
| Give item / drop item | 1 | |
| Remove unit from queue | 1 | |
| Right click | 1178 | |
| Select / deselect | 467 | |
| Use ability | 88 | |
1844 total
» units
| Wisp | 20 | |
| Archer | 7 | |
| Hippogryph | 7 | |
| Chimaera | 8 | |
42 total
» upgrades
| Improved Bows | 1 | |
| Strength of the Wild | 3 | |
| Corrosive Breath | 1 | |
| Reinforced Hides | 2 | |
7 total
» buildings
| Altar of Elders | 1 | |
| Moon Well | 7 | |
| Ancient of War | 1 | |
| Hunter's Hall | 1 | |
| Tree of Ages | 1 | |
| Ancient Protector | 7 | |
| Ancient of Wind | 2 | |
| Tree of Eternity | 1 | |
| Ancient of Wonders | 2 | |
| Chimaera Roost | 2 | |
| Tree of Life | 1 | |
26 total
» build order
00:08 Altar of Elders
00:14 Moon Well
00:30 Ancient of War
01:32 Moon Well
02:33 Hunter's Hall
03:34 Tree of Ages
03:54 Ancient Protector
05:11 Moon Well
05:16 Moon Well
05:30 Ancient Protector
06:21 Ancient of Wind
06:58 Tree of Eternity
10:03 Ancient of Wonders
10:11 Chimaera Roost
10:35 Chimaera Roost
11:56 Moon Well
12:53 Ancient of Wonders
15:09 Moon Well
18:41 Ancient of Wind
18:45 Moon Well
23:58 Tree of Life
24:11 Ancient Protector
24:13 Ancient Protector
24:18 Ancient Protector
24:22 Ancient Protector
24:42 Ancient Protector
» items
| Dust of Appearance | 2 | |
| Potion of Healing | 7 | |
| Orb of Fire | 1 | |
| Potion of Mana | 1 | |
11 total

»
XxPainTrainxX (
pink | 22 APM | 974 actions | 44:38)
4 Demon Hunter
2 Immolation
2 Evasion
» actions
| Assign group hotkey | 22 | |
| Basic commands | 16 | |
| Build / train | 57 | |
| Enter build submenu | 12 | |
| Enter hero's abilities submenu | 5 | |
| Remove unit from queue | 1 | |
| Right click | 365 | |
| Select / deselect | 237 | |
| Select group hotkey | 205 | |
| Use ability | 54 | |
974 total
» units
| Wisp | 15 | |
| Archer | 14 | |
| Hippogryph | 6 | |
35 total
» upgrades
| Strength of the Moon | 3 | |
| Moon Armor | 3 | |
| Hippogryph Taming | 1 | |
| Marksmanship | 1 | |
| Improved Bows | 1 | |
| Strength of the Wild | 1 | |
| Reinforced Hides | 1 | |
| Ultravision | 1 | |
12 total
» buildings
| Altar of Elders | 1 | |
| Moon Well | 5 | |
| Ancient of War | 1 | |
| Hunter's Hall | 1 | |
| Tree of Ages | 3 | |
| Tree of Eternity | 1 | |
| Ancient of Wind | 2 | |
| Tree of Life | 2 | |
16 total
» build order
00:38 Altar of Elders
00:47 Moon Well
00:54 Ancient of War
01:49 Moon Well
02:33 Hunter's Hall
03:45 Tree of Ages
03:46 Tree of Ages
03:46 Tree of Ages
04:40 Moon Well
06:11 Tree of Eternity
06:13 Ancient of Wind
06:16 Ancient of Wind
07:07 Moon Well
09:45 Moon Well
12:44 Tree of Life
21:57 Tree of Life
Kull (
teal | 52 APM | 2321 actions | 44:38)
10 Archmage
3 Summon Water Elemental
3 Brilliance Aura
1 Mass Teleport
3 Blizzard
» actions
| Assign group hotkey | 93 | |
| Basic commands | 201 | |
| Build / train | 96 | |
| Enter build submenu | 50 | |
| Enter hero's abilities submenu | 11 | |
| Give item / drop item | 13 | |
| Remove unit from queue | 5 | |
| Right click | 818 | |
| Select / deselect | 528 | |
| Select group hotkey | 336 | |
| Use ability | 170 | |
2321 total
» units
| Peasant | 19 | |
| Footman | 4 | |
| Dragonhawk Rider | 4 | |
| Gryphon Rider | 3 | |
| Mortar Team | 2 | |
32 total
» upgrades
| Lumber Harvesting | 2 | |
| Masonry | 3 | |
| Swords | 3 | |
| Armor | 3 | |
| Magic Sentry | 1 | |
| Animal War Training | 1 | |
| Cloud | 1 | |
| Storm Hammers | 1 | |
| Gunpowder | 3 | |
| Plating | 3 | |
| Fragmentation Shards | 1 | |
| Flare | 1 | |
23 total
» buildings
| Altar of Kings | 1 | |
| Barracks | 1 | |
| Farm | 6 | |
| Scout Tower | 17 | |
| Arcane Vault | 2 | |
| Arcane Tower | 2 | |
| Keep | 1 | |
| Lumber Mill | 3 | |
| Gryphon Aviary | 2 | |
| Castle | 1 | |
| Blacksmith | 2 | |
| Arcane Sanctum | 1 | |
| Town Hall | 1 | |
| Guard Tower | 5 | |
| Workshop | 9 | |
54 total
» build order
00:51 Altar of Kings
00:53 Barracks
00:56 Farm
00:57 Farm
01:05 Farm
01:39 Farm
02:58 Scout Tower
03:17 Arcane Vault
03:37 Arcane Tower
03:49 Keep
03:52 Lumber Mill
04:39 Scout Tower
06:16 Gryphon Aviary
06:17 Gryphon Aviary
06:21 Arcane Tower
06:30 Farm
06:51 Farm
07:11 Castle
07:15 Scout Tower
07:15 Scout Tower
07:16 Scout Tower
07:16 Scout Tower
07:20 Scout Tower
07:20 Scout Tower
07:22 Scout Tower
07:28 Blacksmith
07:31 Blacksmith
07:52 Arcane Sanctum
10:01 Town Hall
10:13 Scout Tower
10:13 Scout Tower
10:14 Scout Tower
10:14 Scout Tower
10:15 Scout Tower
10:15 Scout Tower
10:16 Scout Tower
10:18 Scout Tower
10:26 Lumber Mill
10:42 Guard Tower
10:44 Guard Tower
11:00 Guard Tower
11:39 Guard Tower
13:09 Arcane Vault
13:16 Guard Tower
23:59 Workshop
24:00 Workshop
24:00 Workshop
24:01 Workshop
24:01 Workshop
24:02 Workshop
24:03 Workshop
24:05 Workshop
24:10 Workshop
24:13 Lumber Mill
» items
| Scroll of Regeneration | 5 | |
| Mechanical Critter | 2 | |
| Scroll of Town Portal | 4 | |
| Staff of Sanctuary | 1 | |
| Staff of Teleportation | 1 | |
| Potion of Healing | 3 | |
16 total
SHONT.GO (
orange | 44 APM | 1976 actions | 44:39)
9 Mountain King
3 Storm Bolt
3 Bash
1 Avatar
2 Thunder Clap
» actions
| Assign group hotkey | 27 | |
| Basic commands | 151 | |
| Build / train | 66 | |
| Enter build submenu | 16 | |
| Enter hero's abilities submenu | 9 | |
| Give item / drop item | 2 | |
| Right click | 787 | |
| Select / deselect | 199 | |
| Select group hotkey | 646 | |
| Use ability | 73 | |
1976 total
» units
» upgrades
| Masonry | 3 | |
| Lumber Harvesting | 2 | |
| Storm Hammers | 1 | |
| Swords | 2 | |
| Armor | 2 | |
| Animal War Training | 1 | |
11 total
» buildings
| Altar of Kings | 1 | |
| Farm | 9 | |
| Scout Tower | 5 | |
| Keep | 1 | |
| Arcane Tower | 1 | |
| Lumber Mill | 1 | |
| Arcane Vault | 1 | |
| Guard Tower | 6 | |
| Castle | 1 | |
| Gryphon Aviary | 4 | |
| Blacksmith | 1 | |
| Barracks | 1 | |
| Town Hall | 1 | |
33 total
» build order
00:06 Altar of Kings
00:21 Farm
00:38 Scout Tower
01:22 Farm
02:09 Keep
02:20 Arcane Tower
02:24 Lumber Mill
02:56 Arcane Vault
03:04 Scout Tower
03:05 Scout Tower
03:37 Guard Tower
03:37 Guard Tower
03:41 Scout Tower
03:42 Scout Tower
04:14 Guard Tower
04:53 Castle
05:00 Guard Tower
05:45 Gryphon Aviary
05:46 Gryphon Aviary
05:57 Gryphon Aviary
07:01 Farm
07:01 Farm
07:01 Farm
07:02 Farm
08:54 Blacksmith
10:05 Gryphon Aviary
10:09 Farm
10:10 Farm
10:11 Farm
11:45 Barracks
14:20 Guard Tower
23:35 Town Hall
» items
| Staff of Teleportation | 1 | |
| Dust of Appearance | 2 | |
| Scroll of Regeneration | 4 | |
| Potion of Lesser Invulnerability | 1 | |
| Scroll of Town Portal | 4 | |
| Potion of Healing | 1 | |
| Ivory Tower | 2 | |
15 total
Chat log
(00:30 / Allies) XxPainTrainxX: sry boys here now
(02:39 / Allies) SHONT.GO: mine
(02:46 / Allies) SHONT.GO: also
(02:52 / All) Kull: red good?
(03:17 / All) SHONT.GO: finished first sesaon of better call saul, was kinda disapointed in it
(03:26 / All) UrMaster: 2nd season will be better]
(03:30 / All) UrMaster: but the 1st was sweet]
(03:32 / All) Kull: what he said
(04:00 / Allies) Kull: back jake
(04:02 / Allies) Kull: faggo
(04:07 / Allies) SHONT.GO: was trying to buy tp staff
(04:20 / Allies) Kull: you take the red below you
(05:38 / Allies) SHONT.GO: yellow to ur
(06:10 / All) SHONT.GO: this is sparta
(06:32 / Allies) XxPainTrainxX: lol orange
(06:36 / Allies) XxPainTrainxX: techs on a rush map
(06:39 / Allies) XxPainTrainxX: fuckin noob
(06:45 / Allies) SHONT.GO: WHY DID U RUN PAST YELLOW FOOL
(07:46 / Allies) XxPainTrainxX: fuck off
(07:48 / Allies) XxPainTrainxX: dont come with herpo
(07:54 / Allies) Kull: woods
(08:06 / Allies) Kull: woods
(08:08 / Allies) SHONT.GO: im sorry
(08:18 / Allies) XxPainTrainxX: not yet
(08:29 / Allies) Kull: red you mh?
(08:49 / Allies) Kull: let it go pink
(08:55 / Allies) Knight_Lite: stop
(08:56 / Allies) XxPainTrainxX: sure
(08:58 / Allies) Kull: we got a game to win soldier
(08:59 / Allies) Knight_Lite: pink stop
(09:03 / Allies) XxPainTrainxX: give me 300 wood oj and ill let it go
(09:09 / Allies) Kull: give him 300 wood oj
(09:12 / Allies) Knight_Lite: and i fucking needed that
(11:15 / Allies) Kull: lumbers
(12:16 / All) Young_Boy: his name was father goose
(12:23 / All) Young_Boy: his bill had touched many beaks
(12:51 / Allies) XxPainTrainxX: we have to take blue expio
(12:56 / Allies) SHONT.GO: no we dont u nigger
(13:00 / Allies) SHONT.GO: i crippled yellow
(13:03 / Allies) SHONT.GO: hit yellow
(13:09 / All) Young_Boy: father goose was his name
(13:10 / Allies) Knight_Lite: decent idea
(13:11 / Allies) XxPainTrainxX: hahahaha
(13:16 / Allies) XxPainTrainxX: that just got a tk
(13:19 / All) Young_Boy: lol teal no paladin
(13:23 / All) Young_Boy: focus his hero he die
(13:32 / Allies) Knight_Lite: teal gimmi gold
(13:40 / Allies) Kull: have none
(14:20 / All) Young_Boy: purple stop betraying us
(14:23 / Allies) Knight_Lite: pink come to me at teals expo
(14:26 / Allies) Knight_Lite: i wanna hit blues
(14:44 / Allies) XxPainTrainxX: oj killed my expo attempt
(14:45 / Allies) XxPainTrainxX: we lose
(14:46 / Allies) XxPainTrainxX: sry
(14:52 / All) Young_Boy: lol purple
(14:56 / All) Young_Boy: idot io pee now
(14:57 / Allies) Knight_Lite: well u killed his hero
(15:02 / Allies) XxPainTrainxX: no i ddidnt
(15:33 / All) Young_Boy: many chims
(15:48 / Allies) SHONT.GO: nice tk faggot
(16:00 / Allies) Knight_Lite: wow pink
(16:03 / Allies) SHONT.GO: now ur base dies pink
(16:09 / Allies) Knight_Lite: u guyz r so pathetic
(16:22 / Allies) Kull: you whiny
(16:23 / All) Knight_Lite: we got a whos got the smallest dick competition here between oj and pink
(16:25 / Allies) Kull: just leave wittle baby
(16:28 / Allies) Kull: get on out pussy
(16:34 / Allies) Kull: spoiled brat
(16:36 / All) XxPainTrainxX: red has chims and oj has gryphs
(16:39 / All) XxPainTrainxX: go dryads and u win
(17:02 / Allies) SHONT.GO: btw pink
(17:08 / Allies) SHONT.GO: we arent gonna lose
(17:09 / Allies) SHONT.GO: lol
(17:15 / All) XxPainTrainxX: i will stay in this game until we lose b/c orange is a cunt
(17:28 / Allies) SHONT.GO: stay til the last building
(17:38 / Allies) Knight_Lite: the irony is that that u do the same thing that u hate
(17:40 / Allies) Knight_Lite: fuckin idiot
(17:48 / All) UrMaster: drink that juice bitch
(18:20 / Allies) SHONT.GO: omw
(18:30 / Allies) SHONT.GO: hit yellow
(18:31 / Allies) SHONT.GO: red
(18:36 / All) XxPainTrainxX: mass dryads = win
(18:45 / Allies) SHONT.GO: to me
(18:49 / Allies) XxPainTrainxX: hahahaa
(19:29 / Allies) Kull: I gotta go!
(19:40 / Allies) XxPainTrainxX: hahahaha
(19:47 / All) Knight_Lite: wtf is this mh
(19:49 / Allies) SHONT.GO: we won that
(19:51 / Allies) SHONT.GO: nigga
(20:08 / Allies) Kull: I tried tping o nyou
(20:10 / Allies) Knight_Lite: why didnt u attack him?
(20:11 / Allies) Kull: but it didn't go thru
(20:13 / Allies) Knight_Lite: wtf is going on
(20:21 / All) SHONT.GO: this is what u ge
(20:22 / All) SHONT.GO: t
(20:24 / All) SHONT.GO: Faggot pink
(20:26 / All) SHONT.GO: for trying to kill me
(20:29 / Allies) Knight_Lite: oj stfu and play
(20:31 / Allies) XxPainTrainxX: teal has 5g gold
(20:34 / Allies) Knight_Lite: we shoulda just killed blues hero
(20:34 / Allies) XxPainTrainxX: and has to leave
(20:37 / Allies) Knight_Lite: but ur bein a fuckin cunt
(20:52 / Allies) XxPainTrainxX: byeeeeee teal
(21:05 / All) XxPainTrainxX: you got 3v2 now
(21:14 / All) XxPainTrainxX: teal left, gave control and has 5k gold
(21:19 / All) SHONT.GO: pink mad
(21:20 / All) SHONT.GO: lol
(21:23 / All) XxPainTrainxX: 7k**
(21:38 / All) Kull: lawl
(21:46 / All) Knight_Lite: mh and u still suck
(24:08 / All) XxPainTrainxX: jeeeeeeeze
(24:24 / All) XxPainTrainxX: oj expoing my base
(24:28 / All) XxPainTrainxX: hitif u have air
(24:49 / Allies) XxPainTrainxX: looks like a win
(24:52 / Allies) XxPainTrainxX: im the best
(24:59 / Allies) SHONT.GO: this is what u get pink
(25:01 / Allies) SHONT.GO: for talking shit
(25:04 / Allies) XxPainTrainxX: OJ just so you know, every time i see you i will tk
(25:07 / Allies) SHONT.GO: lol
(25:09 / Allies) SHONT.GO: u mad
(25:15 / Allies) XxPainTrainxX: nop
(25:22 / Allies) Knight_Lite: oj ur the dumbest person iv ever seen on this game and thats sumthin
(25:23 / Allies) SHONT.GO: u tried to tk me, u failed
(25:28 / Allies) Knight_Lite: i mean pink
(25:36 / Allies) SHONT.GO: he said he was gonnna tk me twice red, of course im gonna kill him
(26:21 / Allies) Knight_Lite: cmon
(26:23 / Allies) Knight_Lite: fuckin help
(26:33 / Allies) Knight_Lite: ugh this shit sux
(26:49 / Allies) Knight_Lite: oj wtf u doing?
(26:57 / All) UrMaster: noob\|
(26:58 / All) UrMaster: haha
(27:03 / All) Knight_Lite: he killed me wut
(27:08 / All) SHONT.GO: blue killed u
(27:13 / All) Kull: bad micro from me lol
(27:26 / All) UrMaster: good micro for me
(27:28 / All) UrMaster: good tp staff
(27:41 / All) SHONT.GO: thx
(27:45 / All) Kull: I had my dhawks in wrong group
(27:46 / Allies) Knight_Lite: afk gayest team iv ever had
(28:03 / Allies) XxPainTrainxX: lol!
(28:05 / All) SHONT.GO: im enjoying ur mine
(28:06 / All) SHONT.GO: pink
(28:08 / All) SHONT.GO: really i am
(28:51 / All) Kull: b,
(28:53 / All) Kull: bm
(29:11 / All) SHONT.GO: lawl
(29:13 / All) Kull: nice one
(29:20 / All) Kull: STOP HAMMER TIME
(29:23 / All) SHONT.GO: that looked pro but it was an accident
(29:30 / All) Kull: the flare helped
(29:36 / All) SHONT.GO: forgot iused dus ttoo
(29:59 / All) Kull: EAT MORTAR
(30:00 / All) Kull: EAT LED
(30:05 / Allies) XxPainTrainxX: you guys neutralizewd me well
(30:08 / All) Kull: LEAD LAWL
(30:12 / Allies) XxPainTrainxX: you deserve this win
(30:14 / All) SHONT.GO: give us credit pink
(30:16 / All) SHONT.GO: we did great
(30:23 / All) XxPainTrainxX: i will
(30:29 / All) XxPainTrainxX: you dealt with this bullshit well
(30:35 / All) XxPainTrainxX: i no longer hold a grudge
(30:40 / All) SHONT.GO: u still arent winning pink, ur manipulation wont work
(30:46 / All) XxPainTrainxX: i know
(30:50 / All) XxPainTrainxX: you won
(30:54 / All) SHONT.GO: blue is the great chippo player ever
(31:01 / All) XxPainTrainxX: im a fair sport. you did well oj and team
(31:11 / All) XxPainTrainxX: but still fuck you all
(31:16 / All) XxPainTrainxX: lol
(31:17 / All) UrMaster: you may still win
(31:18 / All) Kull: now
(31:23 / All) XxPainTrainxX: may? lol
(31:27 / All) XxPainTrainxX: 100% we win
(31:30 / All) UrMaster: No
(31:30 / All) SHONT.GO: keep yellow peon alive?
(31:38 / All) UrMaster: You will have an equal chance
(31:39 / All) XxPainTrainxX: and by we i mean these gus
(31:47 / Allies) XxPainTrainxX: yaaa teal
(31:50 / Allies) XxPainTrainxX: kill me!
(31:55 / All) SHONT.GO: ATTN GENTLEMEN
(32:00 / All) SHONT.GO: THIS WILL BE A MEXICAN STANDOFF
(32:05 / All) XxPainTrainxX: lol
(32:11 / All) SHONT.GO: PERSON WHO KEEPS THEIR COMPUTER/WC3/INTERNET ON THE LONGEST WINS
(32:12 / All) XxPainTrainxX: well done
(32:17 / All) XxPainTrainxX: 100% admitted
(32:29 / All) SHONT.GO: IT IS PINK RED VS YELLOW/PURPLE FOR THE TITLE
(32:32 / All) XxPainTrainxX: im going to bed. peace all
(33:00 / Allies) SHONT.GO: purple u in?
(33:55 / All) Kull: like taking candy from a baby
(34:00 / All) Kull: SUCKERS
(34:02 / All) Kull: SUCKERS
(34:24 / All) SHONT.GO: purple will u stay
(34:30 / All) UrMaster: Forgot to kill my chim roosts
(34:47 / All) UrMaster: bot mid, help kill my roosts and altar
(34:59 / All) Kull: shoulda killed the moonwells
(36:00 / All) UrMaster: Purple asks what the hell is this
(36:49 / All) UrMaster: Still got one last tree coming
(37:04 / All) UrMaster: Purple will you leave your PC on all night for the win?
(37:08 / All) UrMaster: My friend wants to know
(37:35 / All) UrMaster: Attack my tree
(37:59 / All) UrMaster: Looks like time for you to leave then purple
(38:04 / All) UrMaster: if you won't stay for standoff, you lose
(38:34 / All) UrMaster: You cna leave now
(38:37 / All) UrMaster: or when all my wells are dead
(38:41 / All) UrMaster: and you get the DEFEAT screen
(38:47 / Allies) SHONT.GO: if u were nicer pink
(38:51 / Allies) SHONT.GO: u coulda won
(38:54 / All) UrMaster: Leave now and you get a tie
(38:57 / All) UrMaster: stay and you get a loss
(39:01 / All) UrMaster: pro
(39:06 / All) SHONT.GO: wow great manipulation
(40:10 / All) SHONT.GO: def red and pink would stay , anything for a win
(40:22 / All) SHONT.GO: u deserve this pink
(40:25 / All) SHONT.GO: u have this coming
(40:38 / All) Kull: alt tabbin